 Dungeon Crawl Stone Soup version 0.28.0-45-g0d030f2227 (webtiles) character file.

Game seed: 18263973501336098505

114 croobank the Firebug (level 4, -5/33 HPs)
             Began as a Draconian Fire Elementalist on Apr 7, 2022.
             Slain by Grinder (6 damage)
             ... on level 4 of the Dungeon.
             The game lasted 00:15:07 (3931 turns).

croobank the Firebug (Draconian Fire Elementalist)  Turns: 3931, Time: 00:15:08

Health: -5/33      AC:  5    Str: 10    XL:     4   Next: 66%
Magic:  0/7        EV: 12    Int: 17    God:
Gold:   117        SH:  0    Dex: 12    Spells: 5/8 levels left

rFire   . . .      SeeInvis .   a - +0 dagger
rCold   . . .      Faith    .   (no shield)
rNeg    . . .      Spirit   .   (armour unavailable)
rPois   .          Reflect  .   (helmet restricted)
rElec   .          Harm     .   (no cloak)
rCorr   .          Rampage  .   (no gloves)
Will    .....                   (no boots)
Stlth   ++........              (no amulet)
HPRegen 0.11/turn               (no ring)
MPRegen 0.10/turn               (no ring)

@: no status effects
A: AC +5, unfitting armour, cold-blooded
a: no special abilities


You were on level 4 of the Dungeon.
You visited 1 branch of the dungeon, and saw 4 of its levels.

You collected 117 gold pieces.

Inventory:

Hand Weapons
 a - a +0 dagger (weapon)
 o - a +0 falchion
Missiles
 b - 43 bolts
 c - 6 boomerangs
 e - 58 arrows
 h - 76 stones
Scrolls
 i - a scroll of blinking {unknown}
 k - a scroll of teleportation {unknown}
Potions
 d - a potion of brilliance
 f - a potion of resistance
 j - a potion of curing
 l - a potion of mutation
 n - a potion of cancellation {unknown}


   Skills:
 + Level 2.5 Dodging
 + Level 2.6 Stealth
 + Level 2.6 Spellcasting
 + Level 2.1 Conjurations
 + Level 3.6 Fire Magic


You had 5 spell levels left.
You knew the following spells:

 Your Spells              Type           Power      Damage    Failure   Level
a - Foxfire               Conj/Fire      48%        2x1d6     5%          1
b - Scorch                Fire           28%        2d6       6%          2

Your spell library contained the following spells:

 Spells                   Type           Power      Damage    Failure   Level
 Conjure Flame            Conj/Fire      12%        6-21      17%         3
 Inner Flame              Hex/Fire       8%         N/A       26%         3
 Flame Wave               Conj/Fire      12%        2d6       50%         4


Dungeon Overview and Level Annotations

Branches:
Dungeon (4/15)
 Temple: D:4-7

Altars:
Trog
Wu Jian
Beogh

Shops:
D:2 ((

Annotations:
D:3 Pargi
D:4 1 transporter, Grinder; dianekeaton's ghost, amateur HOFi


Innate Abilities, Weirdness & Mutations

Your plain brown scales are hard. (AC +5)
You cannot fit into any form of body armour.
You are cold-blooded and may be slowed by cold attacks.


Message History

Pain shoots through your body!
* * * LOW HITPOINT WARNING * * *
Grinder hits you but does no damage.
You can move again.
You feel much better.
Grinder blinks!
You feel much better.
Casting: Scorch (safe; 6% risk of failure)
Confirm with . or Enter, or press ? or * to list all spells.
You miscast Foxfire.
You are very lightly contaminated with residual magic.
Nothing appears to happen.
Grinder gestures at you. Pain shoots through your body!
Grinder gestures at you.
You suddenly lose the ability to move!
Your magical contamination has completely faded away.
You can move again.
You barely miss Grinder.
Grinder is almost dead.
Grinder gestures at you. You resist with significant effort.
You closely miss Grinder.
Grinder is almost dead.
Grinder gestures at you. Pain shoots through your body!
Casting: Foxfire (safe; 5% risk of failure)
Confirm with . or Enter, or press ? or * to list all spells.
Flames lash Grinder.
Grinder is almost dead.
Grinder's fire resistance burns away.
Grinder closely misses you.
You barely miss Grinder.
Grinder is almost dead.
Grinder hits you!
You writhe in agony.
* * * LOW HITPOINT WARNING * * *
You hit Grinder but do no damage.
Grinder is almost dead.
Grinder hits you!
* * * LOW HITPOINT WARNING * * *
You writhe in agony.
You die...

#.......... #..........
#.)........ #..........
..# #.......... ..#
#.....(.... ..#
#.......... ..#
#..5....... ..#
###@...(### ..# #.....#
..##############.....###
...............'........
.#############.#........
.....####### #.#........
............ #.##.......
##.....####'##'# .......
#.#............ .......


You could see Grinder (combustible).

Vanquished Creatures
  3 adders (D:3)
  An adder zombie (D:2)
  An adder skeleton (D:2)
  A worm (D:2)
  A dart slug (D:1)
  11 orcs
  4 bats
  2 bat skeletons (D:2)
  5 endoplasms
  A giant cockroach (D:2)
  2 goblins
  2 hobgoblins
  4 jackals (D:1)
  5 quokkas
  2 ball pythons (D:1)
  2 ball python skeletons (D:2)
  7 frilled lizards
  A giant cockroach zombie (D:2)
  A kobold (D:1)
  11 rats
67 creatures vanquished.

Vanquished Creatures (collateral kills)
  A foxfire (D:2)
1 creature vanquished.

Vanquished Creatures (others)
  104 foxfires
  5 withered plants (D:2)
109 creatures vanquished.

Grand Total: 177 creatures vanquished

Notes
Turn   | Place    | Note
-------+----------+-------------------------------------------
     0 | D:1      | croobank the Draconian Fire Elementalist began the quest
                  | for the Orb.
     0 | D:1      | Reached XP level 1. HP: 14/14 MP: 3/3
   429 | D:1      | Reached XP level 2. HP: 20/20 MP: 1/5
   432 | D:1      | Learned a level 2 spell: Scorch
  1119 | D:1      | Found a faded altar of an unknown god.
  1350 | D:2      | Reached XP level 3. HP: 17/26 MP: 0/6
  1825 | D:2      | Found a bloodstained altar of Trog.
  1949 | D:2      | Found Sooti's Weapon Boutique.
  2070 | D:2      | Found Ylyh's Antique Weapon Shop.
  2556 | D:3      | Found an ornate altar of the Wu Jian Council.
  2573 | D:3      | Reached XP level 4. HP: 19/33 MP: 0/7
  3356 | D:3      | Noticed Pargi
  3702 | D:4      | Noticed dianekeaton's ghost (amateur HOFi)
  3849 | D:4      | Found a transporter.
  3897 | D:4      | Noticed Grinder
  3904 | D:4      | Paralysed by Grinder for 2 turns
  3914 | D:4      | Paralysed by Grinder for 3 turns
  3915 | D:4      | HP: 1/33 [Grinder/nerve-wracking pain (12)]
  3924 | D:4      | Paralysed by Grinder for 3 turns
  3931 | D:4      | HP: 1/33 [Grinder (8)]
  3931 | D:4      | Slain by Grinder

Illustrated notes

Levels and vault maps discovered:
D:1:      minmay_arrival_up_and_down, layout_basic,
          hellmonk_ecumenical_altar_defaced_shrine
D:2:      layout_loops_ring, serial_undead, serial_undead_b, serial_undead_f,
          serial_undead_b, serial_undead_f, serial_undead_c, serial_undead_e,
          serial_undead_a, serial_undead_e, basic_altar, serial_shops,
          shop_statue, nicolae_lakefront_shop
D:3:      minmay_chambers_of_threes, layout_loops_ring,
          mainiacjoe_overflow_six_doors_small, uniq_pargi
D:4:      layout_basic, gammafunk_ghost_arena, uniq_crazy_yiuf_cottage,
          uniq_grinder

Skill      XL: |  1  2  3  4 |
---------------+-------------+-----
Stealth        | 2 |  2.6
Dodging        | 2 |  2.5
Conjurations   | 2 |  2.1
Spellcasting   | |  2.6
Fire Magic     | |  3.6

Action                   |  1- 3 |  4- 6 || total
-------------------------+-------+-------++-------
Melee: Unarmed           |    80 |     7 ||    87
       Tailslap          |    12 |     4 ||    16
       Punch             |     1 |     1 ||     2
       Dagger            |       |    31 ||    31
 Cast: Foxfire           |    47 |    15 ||    62
       Scorch            |    12 |    19 ||    31
  Use: Scroll            |     6 |     1 ||     7
       Potion            |     1 |     3 ||     4
 Stab: Sleeping          |     2 |       ||     2
Armor: Skin              |    41 |    21 ||    62
Dodge: Dodged            |    77 |    30 ||   107
